 Dungeon Crawl Stone Soup version 0.28.0-49-g6dfe1f597d (webtiles) character file.

Game seed: 4761572560056560704

348 Ethylacetat the Shooter (level 6, -1/57 HPs)
             Began as a Naga Hunter on May 19, 2022.
             Slain by Duvessa
             ... wielding a +0 short sword
              (8 damage)
             ... on level 4 of the Dungeon.
             The game lasted 00:16:05 (4139 turns).

Ethylacetat the Shooter (Naga Hunter)               Turns: 4139, Time: 00:16:14

Health: -1/57      AC:  3    Str: 14    XL:     6   Next: 60%
Magic:  6/6        EV:  9    Int: 11    God:
Gold:   81         SH:  0    Dex: 14    Spells: 5/5 levels left

rFire   . . .      SeeInvis +   b - +0 short sword
rCold   . . .      Faith    .   (no shield)
rNeg    . . .      Spirit   .   c - +0 leather armour
rPois   +          Reflect  .   (no helmet)
rElec   .          Harm     .   (no cloak)
rCorr   .          Rampage  .   (no gloves)
Will    .....                   (no barding)
Stlth   ++........              (no amulet)
HPRegen 0.19/turn               (no ring)
MPRegen 0.10/turn               (no ring)

@: short of breath, on berserk cooldown, very slow
A: AC +2, large, see invisible, deformed body, poison resistance, slowness 2,
spit poison 1, naga tail 1
a: Spit Poison


You were on level 4 of the Dungeon.
You visited 1 branch of the dungeon, and saw 4 of its levels.

You collected 81 gold pieces.

Inventory:

Hand Weapons
 a - a +1 shortbow
 b - a +0 short sword (weapon)
Missiles
 d - 33 arrows
Armour
 c - a +0 leather armour (worn)
Jewellery
 q - a ring of protection from fire
Scrolls
 e - a scroll of immolation {unknown}
 f - 2 scrolls of teleportation {unknown}
 h - 2 scrolls of fog {unknown}
 i - a scroll of enchant weapon {unknown}
 j - a scroll of torment {unknown}
 k - 2 scrolls of vulnerability {unknown}
 l - a scroll of identify {unknown}
Potions
 g - a potion of lignification
 n - a potion of curing
 o - a potion of cancellation
 p - a potion of degeneration {unknown}


   Skills:
 + Level 4.0 Fighting
 * Level 6.0 Bows
 - Level 1.6 Dodging
 - Level 2.0 Stealth


You had 5 spell levels left.
You didn't know any spells.
Your spell library contained the following spells:

 Spells                   Type           Power      Damage    Failure   Level
 Sublimation of Blood     Necr           0%         N/A       56%         2
 Wereblood                Tmut           0%         N/A       56%         2
 Summon Hydra             Summ           0%         N/A       100%        7


Dungeon Overview and Level Annotations

Branches:
Dungeon (4/15)
 Temple: D:4-7

Altars:

Shops:
D:1 :

Annotations:
D:4 Duvessa


Innate Abilities, Weirdness & Mutations

Your serpentine skin is tough. (AC +2)
You have supernaturally acute eyesight. (SInv)
Armour fits poorly on your strangely shaped body.
Your system is resistant to poisons. (rPois)
You cover ground very slowly.
You can spit poison.
You have a snake-like lower body.


Message History

* * * LOW HITPOINT WARNING * * *
You hit Duvessa but do no damage.
Duvessa is heavily wounded.
Duvessa hits you with a +0 short sword.
* * * LOW HITPOINT WARNING * * *
You barely miss Duvessa.
Duvessa is heavily wounded.
Duvessa hits you but does no damage.
You barely miss Duvessa.
Duvessa is heavily wounded.
Duvessa hits you but does no damage.
You hit Duvessa.
Duvessa is heavily wounded.
Duvessa hits you but does no damage. Duvessa hits you with a +0 short sword!
* * * LOW HITPOINT WARNING * * *
Okay, then.
You barely miss Duvessa.
Duvessa is heavily wounded.
Your transformation is almost over.
You are no longer berserk.
You are exhausted.
You feel yourself slow down. Duvessa hits you but does no damage.
Aiming: Spit Poison (1% risk of failure)
Press: ? - help, Shift-Dir - straight line, f - Duvessa
Aim: Duvessa, wielding a +0 short sword and wearing a +0 leather armour (heavily wounded, berserk, 65% to hit)
The splash of poison misses Duvessa.
Duvessa hits you with a +0 short sword.
* * * LOW HITPOINT WARNING * * *
Duvessa hits you with a +0 short sword.
* * * LOW HITPOINT WARNING * * *
It was a potion of curing.
You feel better. Duvessa hits you with a +0 short sword.
* * * LOW HITPOINT WARNING * * *
Duvessa hits you but does no damage.
It was a potion of cancellation.
Your magical effects are unravelling.
You feel magically purged.
You feel less wooden.
Your +0 leather armour unmelds from your body.
You feel yourself speed up. Duvessa hits you with a +0 short sword!
You die...

.###.# ##.
....###...
..........
##.........
..........
.......$.
#........
#@.......
.######e......≈
.......(.......
###...........≈
#.(.........#
#....(....###
#....♣.♣..#
#.... †♣..#
#.... .♣..#


You could see Duvessa (berserk).

Vanquished Creatures
  A water moccasin skeleton (D:3)
  Dowan (D:4)
  2 jellies
  An orc wizard (D:3)
  10 adders
  8 orcs (D:3)
  8 bats
  4 endoplasms (D:1)
  6 giant cockroaches
  6 goblins
  7 hobgoblins
  3 jackals (D:1)
  3 quokkas
  5 ball pythons
  3 frilled lizards
  7 kobolds
  4 rats
79 creatures vanquished.

Notes
Turn   | Place    | Note
-------+----------+-------------------------------------------
     0 | D:1      | Ethylacetat the Naga Hunter began the quest for the Orb.
     0 | D:1      | Reached XP level 1. HP: 19/19 MP: 1/1
    69 | D:1      | Found Waechyno's Book Shoppe.
   151 | D:1      | Reached XP level 2. HP: 21/26 MP: 2/2
   483 | D:1      | Reached skill level 4 in Bows
   824 | D:1      | Reached XP level 3. HP: 26/32 MP: 3/3
  1686 | D:2      | Reached XP level 4. HP: 26/40 MP: 4/4
  2239 | D:2      | Found a faded altar of an unknown god.
  2649 | D:2      | Reached skill level 5 in Bows
  2694 | D:2      | Reached XP level 5. HP: 47/49 MP: 5/5
  3627 | D:3      | Reached XP level 6. HP: 10/57 MP: 6/6
  4106 | D:4      | Noticed Dowan
  4109 | D:4      | Noticed Duvessa
  4117 | D:4      | Killed Dowan
  4124 | D:4      | Reached skill level 6 in Bows
  4137 | D:4      | HP: 3/85 [Duvessa/+0 short sword (3)]
  4139 | D:4      | Slain by Duvessa

Illustrated notes

Levels and vault maps discovered:
D:1:      evilmike_arrival_rings, layout_basic, serial_shops, shop,
          dk_noncrumbling_3
D:2:      layout_loops_ring, ebering_ecumenical_altar_webs
D:3:      layout_rooms
D:4:      layout_rooms, zin_treasury, minmay_temple_entry_water_ring,
          gammafunk_ghost_abyssal_escape, chequers_garden,
          minmay_misc_feat_columns, chequers_serial_rivers_small_3, uniq_duvessa

Skill      XL: |  1  2  3  4  5  6 |
---------------+-------------------+-----
Bows           | 4 5 6 |  6.0
Stealth        | 2 |  2.0
Fighting       | 3 4 |  4.0
Dodging        | |  1.6

Action                   |  1- 3 |  4- 6 || total
-------------------------+-------+-------++-------
Melee: Short sword       |    78 |   178 ||   256
       Punch             |     1 |     2 ||     3
 Fire: Shortbow          |       |     9 ||     9
 Abil: Spit Poison       |    36 |    46 ||    82
  Use: Potion            |       |     6 ||     6
 Stab: Sleeping          |     1 |       ||     1
Armor: Leather armour    |    24 |    51 ||    75
       Skin              |       |    27 ||    27
Dodge: Dodged            |    57 |    86 ||   143
